 Dungeon Crawl Stone Soup version 0.23-a0-54-gae6112e (webtiles) character file.

630 Amnesiac the Gusty (level 7, -1/46 HPs)
             Began as a Mummy Air Elementalist on Aug 8, 2018.
             Slain by an iguana (14 damage)
             ... on level 6 of the Dungeon.
             The game lasted 00:07:01 (4610 turns).

Amnesiac the Gusty (Mummy Air Elementalist)         Turns: 4610, Time: 00:07:02

Health: -1/46      AC:  4    Str: 11    XL:     7   Next: 24%
Magic:  0/15       EV: 12    Int: 16    God:
Gold:   133        SH:  0    Dex: 15    Spells: 10/17 levels left

rFire    x x .     SeeInvis .   a - +3 mace
rCold    + + .     Gourm    .   (no shield)
rNeg     + + +     Faith    .   e - +0 robe
rPois    ∞         Spirit   +   (no helmet)
rElec    .         Reflect  .   p - scarf {Spirit}
rCorr    .         Harm     .   l - +1 pair of gloves
MR       .....                  (no boots)
Stlth    ++........             (no amulet)
HPRegen  0.15/turn              c - +2 ring of dexterity
MPRegen  0.14/turn              m - ring of ice

@: no status effects
A: no food or potions, fire vulnerability, cold resistance 1, negative energy
resistance 3, torment resistance, unbreathing
a: no special abilities


You were on level 6 of the Dungeon.
You were not hungry.

You visited 1 branch of the dungeon, and saw 6 of its levels.
You also visited: Sewer.

You collected 133 gold pieces.

Inventory:

Hand Weapons
 a - a +3 mace (weapon)
 b - a +0 blowgun
Missiles
 f - 8 poisoned needles
Armour
 e - a +0 robe (worn)
 l - a +1 pair of gloves (worn)
 p - a scarf of spirit shield (worn)
Jewellery
 c - a +2 ring of dexterity (left hand)
 m - a ring of ice (right hand)
Wands
 k - a wand of flame (1)
Scrolls
 d - a scroll of identify {!r}
 g - 4 scrolls of teleportation {!r}
 h - a scroll of noise {!r, unknown}
 i - a scroll of magic mapping {!r}
 j - a scroll of remove curse {!r}
 n - a scroll of enchant weapon {!r}
 o - a scroll of fog {!r}


   Skills:
 - Level 1.5 Dodging
 - Level 1.5 Stealth
 + Level 5.9 Spellcasting
 - Level 0.7 Conjurations
 * Level 5.9 Air Magic


You had 10 spell levels left.
You knew the following spells:

 Your Spells              Type           Power        Failure   Level  Hunger
a - Airstrike             Air            ###.......   12%         4    N/A
d - Shock                 Conj/Air       ###.         3%          1    N/A
z - Swiftness             Chrm/Air       ##......     6%          2    N/A

Your spell library contained the following spells:

 Spells                   Type           Power        Failure   Level  Hunger
 Lightning Bolt           Conj/Air       ###.......   67%         5    N/A
 Static Discharge         Conj/Air       ###.....     11%         3    N/A

Dungeon Overview and Level Annotations

Branches:
Dungeon (6/15)
 Temple: D:4-7

Altars:
Gozag
Makhleb
Okawaru
Vehumet
Wu Jian

Annotations:
D:2 Sigmund


Innate Abilities, Weirdness & Mutations

You do not eat or drink.
Your flesh is vulnerable to fire.
You are immune to poison.
Your flesh is cold resistant. (rC+)
You are immune to negative energy. (rN+++)
You are immune to unholy pain and torment.
You can survive without breathing.


Message History

There is a stone staircase leading down here.
Casting: Airstrike (safe; 12% risk of failure)
Confirm with . or Enter, or press ? or * to list all spells.
Aiming: Shock (safe; 3% risk of failure)
Press: ? - help, Shift-Dir - straight line, f - iguana
Aim: an iguana The zap hits the iguana.
The iguana is moderately wounded.
Casting: Shock (safe; 3% risk of failure)
Confirm with . or Enter, or press ? or * to list all spells.
Aiming: Shock (safe; 3% risk of failure)
Press: ? - help, Shift-Dir - straight line, f/p - iguana
Aim: an iguana (moderately wounded)
The zap hits the iguana.
The iguana is heavily wounded.
Things that are here:
a club; a robe; an orc skeleton
Casting: Shock (safe; 3% risk of failure)
Confirm with . or Enter, or press ? or * to list all spells.
Aiming: Shock (safe; 3% risk of failure)
Press: ? - help, Shift-Dir - straight line, f/p - iguana
Aim: an iguana (heavily wounded)
The zap misses the iguana.
Casting: Shock (safe; 3% risk of failure)
Confirm with . or Enter, or press ? or * to list all spells.
Aiming: Shock (safe; 3% risk of failure)
Press: ? - help, Shift-Dir - straight line, f/p - iguana
Aim: an iguana (heavily wounded)
The zap hits the iguana.
The iguana is heavily wounded.
Casting: Shock (safe; 3% risk of failure)
Confirm with . or Enter, or press ? or * to list all spells.
You don't have enough magic to cast that spell.
Things that are here:
an enchanted spear; a robe The iguana bites you!
Things that are here:
an enchanted spear; a robe You closely miss the iguana.
The iguana is heavily wounded.
The iguana bites you!
* * * LOW HITPOINT WARNING * * *
The iguana misses you.
Casting: Shock (safe; 3% risk of failure)
Confirm with . or Enter, or press ? or * to list all spells.
Aiming: Shock (safe; 3% risk of failure)
Press: ? - help, Shift-Dir - straight line, f/p - iguana
Aim: an iguana (heavily wounded)
The zap hits the iguana.
The iguana is heavily wounded.
The iguana hisses menacingly.
The iguana closely misses you.
Casting: Shock (safe; 3% risk of failure)
Confirm with . or Enter, or press ? or * to list all spells.
You don't have enough magic to cast that spell.
Casting: Shock (safe; 3% risk of failure)
Confirm with . or Enter, or press ? or * to list all spells.
Aiming: Shock (safe; 3% risk of failure)
Press: ? - help, Shift-Dir - straight line, f/p - iguana
Aim: an iguana (heavily wounded)
The zap misses the iguana.
The iguana bites you!
* * * LOW HITPOINT WARNING * * *
The iguana bites you!
You die...

#.)....######### #)
######.# #.####.#.......#
#. #......##
#.####.#.#####.####.
#.......#
#.#....#.#.##.......
#.......##
#.#.####.#.##..#####
#........# #.#.#
#.#.....### #......#.#
#)#.# #.#.......###
#......#.#
#.#l####.#.#####....
#......#.####.#@.....#.#
#####
..............>########.#
#.... .#########.###.#
#.# #.### #..##.# #.# #.#
##.##.# #!# #.# #..#.#
#.# #.# ##.#(# #.# #.#
#.#.# #.# #.# #%..# #.#
#.#


You could see an iguana.

Vanquished Creatures
  A sky beast (D:6)
  A slave (D:4)
  An ogre (D:4)
  A big kobold (Sewer)
  A scorpion (D:4)
  A wight (D:6)
  A crimson imp (D:5)
  A quasit (D:6)
  An iguana (D:6)
  2 worker ants (D:4)
  A hound zombie (D:5)
  8 adders
  3 oozes
  An adder skeleton (D:6)
  A worm (D:2)
  4 leopard geckos (D:3)
  8 orcs
  A bat (D:2)
  2 giant cockroaches
  2 goblins (D:3)
  A hobgoblin (D:3)
  A quokka (D:4)
  4 ball pythons (Sewer)
  A frilled lizard (D:1)
  A jackal skeleton (D:6)
  8 kobolds
  4 rats
62 creatures vanquished.

Notes
Turn   | Place    | Note
-------+----------+-------------------------------------------
     0 | D:1      | Amnesiac the Mummy Air Elementalist began the quest for the Orb.
     0 | D:1      | Reached XP level 1. HP: 13/13 MP: 4/4
   193 | D:1      | Reached XP level 2. HP: 19/19 MP: 0/5
   235 | D:1      | Learned a level 2 spell: Swiftness
   404 | D:2      | Noticed Sigmund
   733 | D:3      | Found a glowing drain.
   806 | D:3      | Reached XP level 3. HP: 22/24 MP: 0/7
   856 | Sewer    | Entered a sewer
  1057 | Sewer    | Reached XP level 4. HP: 27/30 MP: 3/9
  1086 | Sewer    | Learned a level 4 spell: Airstrike
  1189 | Sewer    | Noticed a big kobold
  1211 | Sewer    | Killed a big kobold
  1211 | Sewer    | Reached XP level 5. HP: 26/35 MP: 1/11
  1758 | D:4      | Found an iron altar of Okawaru.
  1893 | D:5      | Entered Level 5 of the Dungeon
  1925 | D:4      | Found an ornate altar of the Wu Jian Council.
  2070 | D:4      | Noticed a slave
  2440 | D:4      | Noticed an ogre
  2486 | D:4      | Killed an ogre
  2486 | D:4      | Reached skill level 5 in Air Magic
  2486 | D:4      | Reached XP level 6. HP: 12/41 MP: 4/13
  2489 | D:4      | Reached skill level 5 in Spellcasting
  3171 | D:4      | Noticed a slave
  3184 | D:4      | Killed a slave
  3596 | D:5      | Found an iron altar of Okawaru.
  3783 | D:5      | Found a burning altar of Makhleb.
  3784 | D:5      | Found a radiant altar of Vehumet.
  3874 | D:5      | Found an opulent altar of Gozag.
  4281 | D:6      | Noticed a sky beast
  4289 | D:6      | Killed a sky beast
  4289 | D:6      | Reached XP level 7. HP: 36/46 MP: 2/15
  4610 | D:6      | Slain by an iguana

Vault maps used:
D:1:      matt_arrival_los_fun
D:2:      chequers_ecumenical_altar_lobes, uniq_terence, uniq_sigmund,
          uniq_robin
D:3:      portal_sewer_entry_f, first_ration
D:4:      nicolae_overflow_crystal_walls, okawaru_gym_becter, uniq_pikel
D:5:      grunt_temple_overflow_lords_of_destruction, kennysheep_little_box,
          lemuel_round_altar
D:6:      grunt_temple_overflow_holy_war, lemuel_doored_altar
Sewer:    sewer_co_15_rooms

Skill      XL: |  1  2  3  4  5  6 |
---------------+-------------------+-----
Air Magic      | 3 4 5 |  5.9
Spellcasting   | 3 4 5 |  5.9
Dodging        | |  1.5
Stealth        | |  1.5
Conjurations   | |  0.7

Action                   |  1- 3 |  4- 6 |  7- 9 || total
-------------------------+-------+-------+-------++-------
Melee: Unarmed           |     4 |       |       ||     4
       Mace              |    10 |    10 |     1 ||    21
 Cast: Shock             |    60 |   107 |    14 ||   181
       Airstrike         |       |     8 |     7 ||    15
  Use: Scroll            |       |     6 |       ||     6
Armor: Robe              |     9 |    20 |       ||    29
Dodge: Dodged            |    36 |    43 |     4 ||    83

Table legend:
 A = Spawn XP
 B = Non-spawn XP
 C = Spawn XP percentage of total XP
 D = Spawn monster count
 E = Non-spawn monster count
 F = Spawn count percentage of total count
 G = Total turns spent on level
                    A         B        C        D         E        F      G
               +---------+---------+-------+---------+---------+-------+---------
         Total |       0 |     900 |   0.0 |       0 |      61 |   0.0 |  4610
               +---------+---------+-------+---------+---------+-------+---------
           D:1 |       0 |      13 |   0.0 |       0 |       6 |   0.0 |   299
           D:2 |       0 |      14 |   0.0 |       0 |       3 |   0.0 |   398
           D:3 |       0 |      20 |   0.0 |       0 |       8 |   0.0 |   324
           D:4 |       0 |     312 |   0.0 |       0 |      14 |   0.0 |  1812
           D:5 |       0 |      71 |   0.0 |       0 |       3 |   0.0 |   533
           D:6 |       0 |     282 |   0.0 |       0 |       8 |   0.0 |   545
         Sewer |       0 |     188 |   0.0 |       0 |      19 |   0.0 |   699
               +---------+---------+-------+---------+---------+-------+---------
